 Dungeon Crawl Stone Soup version 0.18.1-48-g4cf74bf (webtiles) character file.

113 HEYYEYAAE the Cutter (level 4, -1/37 HPs)
             Began as a Demigod Gladiator on Sept 9, 2016.
             Slain by a rat (2 damage)
             ... on level 3 of the Dungeon.
             The game lasted 00:02:32 (1751 turns).

HEYYEYAAE the Cutter (Demigod Gladiator)            Turns: 1751, Time: 00:02:33

Health: -1/37      AC:  7    Str: 20    XL:     4   Next: 39%
Magic:  7/7        EV: 13    Int: 12    God:
Gold:   212        SH:  0    Dex: 16    Spells: 0 memorised, 3 levels left

rFire  . . .     SeeInvis .     a - +0 rapier
rCold  . . .     Gourm    .     b - +0 leather armour
rNeg   . . .     Faith    .     (no shield)
rPois  .         Spirit   .     c - +0 helmet
rElec  .         Dismiss  .     (no cloak)
rCorr  .         Reflect  .     (no gloves)
SustAt +         Harm     .     j - +2 pair of boots
MR     .....                    (no amulet)
Stlth  +.........               (no ring)
                                v - ring of sustain attributes

@: not resistant to hostile enchantments, very unstealthy
A: high mp 1, sustain attributes
a: no special abilities


You were on level 3 of the Dungeon.
You were not hungry.

You visited 1 branch of the dungeon, and saw 3 of its levels.

You collected 212 gold pieces.

Inventory:

Hand Weapons
 a - a +0 rapier (weapon)
Missiles
 d - 3 throwing nets (quivered)
Armour
 b - a +0 leather armour (worn)
 c - a +0 helmet (worn)
 j - a +2 pair of boots (worn)
Jewellery
 v - a ring of sustain attributes (left hand)
Wands
 n - a wand of acid (6/15)
 o - a wand of digging (15/24)
Scrolls
 g - 5 scrolls of identify {unknown}
 h - 5 scrolls of remove curse {unknown}
 i - 2 scrolls of fog {unknown}
 l - 2 scrolls of amnesia {unknown}
 p - a scroll of random uselessness {unknown}
 r - a scroll of blinking {unknown}
 w - a scroll of enchant weapon {unknown}
 y - a scroll of enchant armour {unknown}
 z - a scroll of recharging {unknown}
Potions
 t - a potion of flight {unknown}
 x - a potion of agility
Comestibles
 f - 5 bread rations
 m - a slice of pizza
 q - a beef jerky
 s - 2 fruits


   Skills:
 * Level 2.8 Fighting
 + Level 3.2 Short Blades
 - Level 1.7 Throwing
 + Level 1.5 Armour
 + Level 3.1 Dodging
 + Level 1.2 Evocations


You had 3 spell levels left.
You didn't know any spells.

Dungeon Overview and Level Annotations

Branches:
Dungeon (3/15)


Innate Abilities, Weirdness & Mutations

You have an increased reservoir of magic (+10% MP).
Your attributes are resistant to harm.


Message History

Beogh smites you!
* * * LOW HITPOINT WARNING * * *
The orc priest calls down the wrath of Beogh upon you.
Pain shoots through your body!
* * * LOW HITPOINT WARNING * * *
Read which item? (? for menu, Esc to quit)
As you read the scroll labeled VUYLYNEDAPN, it crumbles to dust.
You assume a fearsome visage.
The orc priest looks frightened! x2
The giant gecko looks frightened!
It was a scroll of fear.
Read which item? (? for menu, Esc to quit)
As you read the scroll labeled PAZOUF ARPHAEHA, it crumbles to dust.
You hear a loud clanging noise!
It was a scroll of noise.
You hear a shout! x2
Something unseen opens the door.
A rat and a hobgoblin come into view.
The rat bites you.
* * * LOW HITPOINT WARNING * * *
The rat bites you.
You die...

## ##. ... # #.#
####.##.#
.......@##
.....##r.## ..#
#...#############
#.#.......#.....##
#..#.............#
##................
# #................
. #)...............
#
#.......>..........


You could see a rat.

Vanquished Creatures
  4 adders
  A worm (D:3)
  2 dart slugs (D:3)
  4 giant geckos
  An orc (D:3)
  5 giant cockroaches
  9 hobgoblins
  4 jackals (D:1)
  A quokka (D:2)
  6 bats
  3 giant newts
  7 goblins
  11 kobolds
  2 rats
60 creatures vanquished.

Notes
Turn   | Place    | Note
--------------------------------------------------------------
     0 | D:1      | HEYYEYAAE the Demigod Gladiator began the quest for the Orb.
     0 | D:1      | Reached XP level 1. HP: 17/17 MP: 3/3
   194 | D:1      | Reached XP level 2. HP: 11/24 MP: 4/4
   779 | D:1      | Reached skill level 1 in Armour
   785 | D:2      | Reached XP level 3. HP: 23/29 MP: 5/5
  1016 | D:2      | Found a shimmering altar of Xom.
  1612 | D:3      | Found a faded altar to an unknown god.
  1620 | D:3      | Reached XP level 4. HP: 37/37 MP: 7/7
  1647 | D:3      | Reached skill level 1 in Evocations
  1750 | D:3      | HP: 1/37 [rat (2)]
  1751 | D:3      | Slain by a rat

Skill      XL: |  1  2  3  4 |
---------------+-------------+-----
Fighting       | 2 |  2.8
Short Blades   | 3 |  3.2
Armour         | 1 |  1.5
Dodging        | 3 |  3.1
Evocations     | 1 |  1.2
Throwing       | |  1.7

Action                   |  1- 3 |  4- 6 || total
-------------------------+-------+-------++-------
Melee: Rapier            |   162 |    47 ||   209
  Use: Potion            |     2 |     1 ||     3
       Scroll            |       |     2 ||     2
 Stab: Sleeping          |     2 |       ||     2
  Eat: Chunk             |     2 |     1 ||     3
Armor: Leather armour    |    79 |    11 ||    90
Dodge: Dodged            |   153 |    31 ||   184
